[Event "26th Abu Dhabi Master 2019"]
[Site "Abu Dhabi"]
[Date "2019.08.02"]
[Round "1.3"]
[White "Salem, A.R. Saleh"]
[Black "Rathanvel, V S"]
[Result "1-0"]
[ECO "B90"]
[WhiteElo "2672"]
[BlackElo "2367"]
[Annotator "RC"]
[PlyCount "87"]
[EventDate "2019.08.02"]
[EventType "swiss"]
[EventCountry "UAE"]
[SourceTitle "playchess.com"]
[Source "ChessBase"]
[SourceQuality "1"]
[TimeControl "5400+30"]

1. e4 c5 2. Nf3 d6 3. d4 cxd4 4. Nxd4 Nf6 5. Nc3 a6 6. h3 e5 7. Nde2 h5 8. Bg5 Be6 9. Bxf6 Qxf6 10. Nd5 Qd8 11. Qd3 Nd7 12. O-O-O b5 13. Nec3 g6 14. Kb1 Nc5 15. Qe2 Bg7 16. h4 Rb8 17. b4 Nd7 18. a4 a5 19. Nxb5 O-O 20. Ndc7 Nb6 21. Qe3 Bd7 22. Rxd6 Nxa4 23. Qa7 axb4 24. Nd5 Bxb5 25. Rxd8 Rfxd8 26. Bxb5 Nc3+ 27. Nxc3 bxc3 28. Qa5 Bf8 29. Rh3 Bc5 30. Rxc3 Rd1+ 31. Ka2 Bd4 32. Ra3 Ra1+ 33. Kb3 Rb1+ 34. Kc4 Bb6 35. Qa6 Bxf2 36. Qc6 Kg7 37. Rf3 Bxh4 38. Qd7 Kh6 39. Rxf7 Bd8 40. Rh7+ Kg5 41. Qd2+ Kh4 42. Bd7 Bb6 43. g3+ Kxg3 44. Qg5+ 1-0

[Event "26th Abu Dhabi Master 2019"]
[Site "Abu Dhabi"]
[Date "2019.08.02"]
[Round "1.13"]
[White "Bartel, Mateusz"]
[Black "Kathmale, Sameer"]
[Result "1-0"]
[ECO "E12"]
[WhiteElo "2600"]
[BlackElo "2326"]
[Annotator "RC"]
[PlyCount "59"]
[EventDate "2019.08.02"]
[EventType "swiss"]
[EventCountry "UAE"]
[SourceTitle "playchess.com"]
[Source "ChessBase"]
[SourceQuality "1"]
[TimeControl "5400+30"]

1. d4 Nf6 2. c4 e6 3. Nf3 b6 4. Bf4 Bb7 5. e3 Bb4+ 6. Nfd2 O-O 7. a3 Bd6 8. Bg3 Nc6 9. Nc3 Bxg3 10. hxg3 d5 11. g4 Ne4 12. Qc2 f5 13. gxf5 Nxd2 14. fxe6 Ne4 15. cxd5 Nf6 16. dxc6 Bxc6 17. O-O-O Qe7 18. d5 Bb7 19. g4 g6 20. g5 Ng4 21. Ne4 Rad8 22. Bh3 Rxf2 23. Nxf2 Nxe3 24. Qc3 Nxd1 25. Rxd1 Bxd5 26. Ng4 Qxg5+ 27. Qe3 Qe7 28. Qd4 Qg5+ 29. Rd2 Kf8 30. Nf6 1-0

[Event "26th Abu Dhabi Master 2019"]
[Site "Abu Dhabi"]
[Date "2019.08.02"]
[Round "1.18"]
[White "Srijit Paul"]
[Black "Antipov, Mikhail Al."]
[Result "1/2-1/2"]
[ECO "B36"]
[WhiteElo "2298"]
[BlackElo "2582"]
[Annotator "ChessBase"]
[PlyCount "174"]
[EventDate "2019.08.02"]
[EventType "swiss"]
[EventCountry "UAE"]
[SourceTitle "playchess.com"]
[Source "ChessBase"]
[SourceQuality "1"]
[TimeControl "5400+30"]

1. e4 c5 2. Nf3 Nc6 3. d4 cxd4 4. Nxd4 g6 5. c4 Nf6 6. Nc3 d6 7. f3 Bg7 8. Be3 O-O 9. Be2 Nh5 10. O-O Nf4 11. Kh1 Nxd4 12. Bxd4 Be6 13. Bxg7 Kxg7 14. Qd2 Nxe2 15. Nxe2 f6 16. b3 a6 17. a4 Rc8 18. Rfd1 Bf7 19. Nc3 Qa5 20. Qd3 Rfe8 21. h3 Qb4 22. Rab1 Rc5 23. Re1 Rc6 24. Re3 Qc5 25. Ra1 Rcc8 26. Re2 Qe5 27. Ree1 Rc5 28. Qd2 g5 29. Rac1 h5 30. Nd5 e6 31. Nb6 Qg3 32. Red1 Rc6 33. a5 g4 34. fxg4 hxg4 35. Rc3 Qe5 36. Nd7 Qg5 37. Qxg5+ fxg5 38. hxg4 e5 39. Rf3 Bg6 40. Nf6 Rh8+ 41. Kg1 b6 42. axb6 Rxb6 43. c5 Rc6 44. Rxd6 Rxd6 45. cxd6 Rd8 46. d7 a5 47. Kf2 Bf7 48. Nh5+ Kf8 49. Rf5 Rxd7 50. Rxe5 Re7 51. Rxa5 Rxe4 52. Rxg5 Bxb3 53. Rf5+ Ke7 54. Kg3 Be6 55. Rf4 Re2 56. Rb4 Bf7 57. Nf4 Rd2 58. Kh4 Kf8 59. Kg5 Ra2 60. Rb7 Kg8 61. g3 Ra1 62. Rb6 Kg7 63. Nh5+ Kh7 64. Rb7 Kg8 65. Nf6+ Kf8 66. Nd7+ Kg8 67. Ne5 Ra5 68. Kf4 Be6 69. Re7 Bb3 70. g5 Ra4+ 71. Ke3 Bc2 72. Kd2 Bf5 73. Rf7 Bb1 74. Rf1 Ra5 75. Re1 Rd5+ 76. Kc3 Bf5 77. Re3 Kg7 78. Kb4 Rd4+ 79. Kc5 Rd1 80. Kc6 Rd4 81. Kc7 Rd1 82. Rf3 Bh3 83. Rf7+ Kg8 84. g6 Be6 85. Re7 Bf5 86. g4 Bxg6 87. Nxg6 Rd7+ 1/2-1/2

[Event "26th Abu Dhabi Master 2019"]
[Site "Abu Dhabi"]
[Date "2019.08.02"]
[Round "1.21"]
[White "Abdusattorov, Nodirbek"]
[Black "Salem, Ghuloom"]
[Result "1-0"]
[ECO "C40"]
[WhiteElo "2598"]
[BlackElo "2205"]
[Annotator "ChessBase"]
[PlyCount "164"]
[EventDate "2019.08.02"]
[EventType "swiss"]
[EventCountry "UAE"]
[SourceTitle "playchess.com"]
[Source "ChessBase"]
[SourceQuality "1"]
[TimeControl "5400+30"]

1. e4 e5 2. Nf3 f5 3. exf5 e4 4. Qe2 Qe7 5. Nd4 c5 6. Nb5 d5 7. d3 a6 8. N5c3 Nf6 9. Bg5 exd3 10. cxd3 Qxe2+ 11. Bxe2 Nbd7 12. Nd2 Bd6 13. g4 b5 14. Bxf6 Nxf6 15. Bf3 Bb7 16. g5 b4 17. gxf6 bxc3 18. bxc3 gxf6 19. Rb1 O-O-O 20. O-O Rd7 21. Rb6 Rg8+ 22. Kh1 Rg5 23. Rfb1 h5 24. Nc4 dxc4 25. Bxb7+ Rxb7 26. Rxb7 cxd3 27. R7b6 Kc7 28. Rxa6 Rxf5 29. Kg2 Be5 30. Ra7+ Kc6 31. c4 Bd4 32. f3 Rg5+ 33. Kh1 d2 34. Ra6+ Kc7 35. Ra7+ Kd6 36. Rab7 Ke5 37. h4 Rg3 38. Rd1 Be3 39. Rb3 Kd4 40. a4 Bf4 41. a5 Kxc4 42. Ra3 Kb4 43. Raa1 Be5 44. Ra2 Bc3 45. a6 Rg8 46. Rb1+ Kc4 47. a7 Ra8 48. Kg2 Kd3 49. Rd1 c4 50. Ra4 Bd4 51. Rxd2+ Kxd2 52. Rxc4 Bxa7 53. Kg3 Be3 54. f4 Rg8+ 55. Kf3 Rg4 56. Ra4 Bb6 57. Rb4 Bc7 58. Rc4 Bb8 59. Rb4 Rg8 60. Rb5 Rg4 61. Rxb8 Rxh4 62. Rf8 Rh3+ 63. Ke4 Re3+ 64. Kf5 h4 65. Rxf6 h3 66. Rh6 Rg3 67. Ke4 Re3+ 68. Kd4 Ke2 69. f5 Kf2 70. f6 Rf3 71. Ke4 Kg2 72. Rg6+ Rg3 73. f7 Rxg6 74. f8=Q h2 75. Qf3+ Kg1 76. Qd1+ Kg2 77. Qc2+ Kg1 78. Qb1+ Kg2 79. Qa2+ Kg1 80. Ke3 Rg3+ 81. Kf4 Rf3+ 82. Kxf3 h1=Q+ {[%emt 0:00:20] Ke4} 1-0

[Event "26th Abu Dhabi Master 2019"]
[Site "Abu Dhabi"]
[Date "2019.08.02"]
[Round "1.22"]
[White "Samant Aditya S"]
[Black "Can, Emre"]
[Result "0-1"]
[ECO "B90"]
[WhiteElo "2296"]
[BlackElo "2595"]
[Annotator "ChessBase"]
[PlyCount "96"]
[EventDate "2019.08.02"]
[EventType "swiss"]
[EventCountry "UAE"]
[SourceTitle "playchess.com"]
[Source "ChessBase"]
[SourceQuality "1"]
[TimeControl "5400+30"]

1. e4 c5 2. Nf3 d6 3. d4 cxd4 4. Nxd4 Nf6 5. Nc3 a6 6. h3 e6 7. g4 Nfd7 8. Be3 b5 9. a3 Bb7 10. g5 Be7 11. h4 Nc6 12. Qd2 Rc8 13. Nxc6 Bxc6 14. O-O-O Rb8 15. h5 a5 16. h6 g6 17. Ne2 e5 18. Ng3 b4 19. axb4 axb4 20. Bc4 Qa5 21. c3 O-O 22. Kc2 Rfc8 23. Ra1 Ba4+ 24. b3 Rxc4 25. Rxa4 Qb5 26. Rxb4 Qxb4 27. bxc4 Qxc4 28. Ra1 Qb3+ 29. Kd3 Nc5+ 30. Bxc5 dxc5 31. Ke2 Rd8 32. Qe1 Bxg5 33. Kf1 Bxh6 34. Kg2 Bd2 35. Qd1 Qxc3 36. Ra7 Bg5 37. Qg4 Qd2 38. Rc7 Qd6 39. Ra7 h6 40. Qe2 Qe6 41. Rc7 Rc8 42. Rxc8+ Qxc8 43. Qc4 h5 44. f3 Be3 45. Nf1 Bd4 46. Ng3 Qd8 47. Qc1 Qh4 48. Nh1 Qf4 0-1

[Event "26th Abu Dhabi Master 2019"]
[Site "Abu Dhabi"]
[Date "2019.08.02"]
[Round "1.23"]
[White "Petrosyan, Manuel"]
[Black "Eynullayev, Atilla"]
[Result "1-0"]
[ECO "A34"]
[WhiteElo "2592"]
[BlackElo "2228"]
[Annotator "ChessBase"]
[PlyCount "45"]
[EventDate "2019.08.02"]
[EventType "swiss"]
[EventCountry "UAE"]
[SourceTitle "playchess.com"]
[Source "ChessBase"]
[SourceQuality "1"]
[TimeControl "5400+30"]

1. c4 Nf6 2. Nf3 c5 3. Nc3 d5 4. cxd5 Nxd5 5. e4 Nb4 6. Bb5+ N8c6 7. d4 cxd4 8. a3 dxc3 9. Qxd8+ Kxd8 10. axb4 cxb2 11. Bxb2 f6 12. e5 Kc7 13. O-O Bg4 14. Nd4 Bd7 15. e6 Be8 16. Rfc1 Kb6 17. Nxc6 bxc6 18. Bc4 g5 19. Bd4+ Kb7 20. b5 a5 21. bxa6+ Kc7 22. Bc5 Rg8 23. Rab1 1-0

[Event "26th Abu Dhabi Master 2019"]
[Site "Abu Dhabi"]
[Date "2019.08.02"]
[Round "1.24"]
[White "Bhambure, Shantanu"]
[Black "Vaibhav, Suri"]
[Result "1/2-1/2"]
[ECO "D38"]
[WhiteElo "2275"]
[BlackElo "2591"]
[Annotator "ChessBase"]
[PlyCount "141"]
[EventDate "2019.08.02"]
[EventType "swiss"]
[EventCountry "UAE"]
[SourceTitle "playchess.com"]
[Source "ChessBase"]
[SourceQuality "1"]
[TimeControl "5400+30"]

1. d4 e6 2. c4 d5 3. Nf3 Nf6 4. Nc3 Bb4 5. Qa4+ Nc6 6. cxd5 Nxd5 7. Qc2 O-O 8. e3 Bd6 9. Bd2 Re8 10. Be2 Ndb4 11. Qd1 e5 12. d5 e4 13. Nxe4 Rxe4 14. dxc6 Nxc6 15. O-O Qf6 16. Bc3 Qh6 17. Qd5 Re7 18. Rfd1 Be6 19. Qb5 Rb8 20. g3 Bg4 21. Nd4 Nxd4 22. Bxd4 a6 23. Qd3 Qh5 24. Bxg4 Qxg4 25. Kg2 Re6 26. h3 Qh5 27. Bc3 Rh6 28. Rh1 Re8 29. Rad1 Rg6 30. Rhe1 c6 31. Qe2 Qf5 32. Qf3 Qe6 33. a3 Rg5 34. e4 Be5 35. h4 Bxc3 36. Qxc3 Re5 37. f3 Qe7 38. Qc4 h6 39. Re2 Rd8 40. Red2 Rxd2+ 41. Rxd2 Kh7 42. Qd3 a5 43. Qd7 Qxd7 44. Rxd7 Rb5 45. Rd2 Rb3 46. h5 g6 47. hxg6+ Kxg6 48. g4 c5 49. Kg3 a4 50. Rc2 b6 51. Kf4 Rd3 52. Kg3 Kg5 53. Rh2 c4 54. Rc2 b5 55. Re2 h5 56. gxh5 Kxh5 57. Kf4 Kg6 58. e5 c3 59. bxc3 Rxc3 60. e6 fxe6 61. Rxe6+ Kf7 62. Rb6 Rb3 63. Ke4 Ke7 64. Kd5 Rxa3 65. Rxb5 Rxf3 66. Rb7+ Kd8 67. Ra7 Rf4 68. Kc5 Kc8 69. Kb5 Kb8 70. Rxa4 Rxa4 71. Kxa4 1/2-1/2

[Event "26th Abu Dhabi Master 2019"]
[Site "Abu Dhabi"]
[Date "2019.08.02"]
[Round "1.25"]
[White "Santos Latasa, Jaime"]
[Black "Vantika Agrawal"]
[Result "1-0"]
[ECO "E71"]
[WhiteElo "2594"]
[BlackElo "2243"]
[Annotator "ChessBase"]
[PlyCount "93"]
[EventDate "2019.08.02"]
[EventType "swiss"]
[EventCountry "UAE"]
[SourceTitle "playchess.com"]
[Source "ChessBase"]
[SourceQuality "1"]
[TimeControl "5400+30"]

1. d4 Nf6 2. c4 g6 3. Nc3 Bg7 4. e4 d6 5. h3 O-O 6. Be3 Na6 7. g4 c5 8. Nge2 b6 9. Bg2 e5 10. d5 Nc7 11. Qd2 Rb8 12. a4 a6 13. Qd3 Qe7 14. Rb1 Nd7 15. h4 Nf6 16. f3 h5 17. g5 Nh7 18. b4 Bb7 19. a5 cxb4 20. axb6 bxc3 21. bxc7 Qxc7 22. Nxc3 f6 23. gxf6 Bxf6 24. Ke2 Qe7 25. Bf2 a5 26. c5 dxc5 27. Na4 Rfc8 28. Qc4 Nf8 29. Bh3 Rd8 30. Rb6 Kg7 31. Qb5 Rd6 32. Bxc5 Rxb6 33. Qxb6 Qe8 34. Qxa5 Nd7 35. Qc7 Ba6+ 36. Kd2 Bc8 37. Bxd7 Bxd7 38. Nb6 Rxb6 39. Bxb6 Qe7 40. Bc5 Qf7 41. Bd6 Kh6 42. Bxe5 Bxe5 43. Qxe5 Kh7 44. Ke3 Bb5 45. Rc1 Qa7+ 46. Kf4 Qf7+ 47. Kg3 1-0

[Event "26th Abu Dhabi Master 2019"]
[Site "Abu Dhabi"]
[Date "2019.08.02"]
[Round "1.26"]
[White "Gomes, Mary Ann"]
[Black "Jobava, Baadur"]
[Result "0-1"]
[ECO "A06"]
[WhiteElo "2303"]
[BlackElo "2594"]
[Annotator "ChessBase"]
[PlyCount "82"]
[EventDate "2019.08.02"]
[EventType "swiss"]
[EventCountry "UAE"]
[SourceTitle "playchess.com"]
[Source "ChessBase"]
[SourceQuality "1"]
[TimeControl "5400+30"]

1. Nf3 d5 2. g3 Nc6 3. d4 Bf5 4. c3 Qd7 5. Bf4 f6 6. Nbd2 g5 7. Be3 Bh3 8. Bxh3 Qxh3 9. b4 e6 10. Qa4 g4 11. Nh4 Kf7 12. Bf4 Bh6 13. Bxh6 Nxh6 14. e4 a5 15. b5 Ne7 16. O-O-O Ng6 17. Nxg6 hxg6 18. Rde1 b6 19. c4 dxe4 20. Rxe4 Nf5 21. c5 Qg2 22. Rhe1 Rxh2 23. Qc4 Kg7 24. Qxe6 Rf8 25. Rf4 Rf7 26. Qc6 Qxc6 27. bxc6 bxc5 28. dxc5 Ne7 29. Re6 g5 30. Rfe4 Nf5 31. Rxg4 Rxf2 32. a4 Rf8 33. Nb3 Rh8 34. Re1 Rhh2 35. Nd4 Ne3 36. Re4 Ra2 37. Kb1 Nd5 38. Nf5+ Kf8 39. Re8+ Kf7 40. R8e3 Nxe3 41. Rxe3 Raf2 0-1

[Event "26th Abu Dhabi Master 2019"]
[Site "Abu Dhabi"]
[Date "2019.08.02"]
[Round "1.27"]
[White "Idani, Pouya"]
[Black "Srija, Seshadri"]
[Result "1-0"]
[ECO "C44"]
[WhiteElo "2595"]
[BlackElo "2306"]
[Annotator "ChessBase"]
[PlyCount "51"]
[EventDate "2019.08.02"]
[EventType "swiss"]
[EventCountry "UAE"]
[SourceTitle "playchess.com"]
[Source "ChessBase"]
[SourceQuality "1"]
[TimeControl "5400+30"]

1. e4 e5 2. Nf3 Nc6 3. g3 g6 4. d4 exd4 5. Nxd4 Bg7 6. Ne2 Nge7 7. Bg2 d6 8. Nbc3 Be6 9. Nd5 O-O 10. O-O Ne5 11. Ne3 Qc8 12. Nf4 Bd7 13. Bd2 h5 14. Bc3 h4 15. Nfd5 Nxd5 16. Nxd5 Re8 17. f4 Bg4 18. Qe1 h3 19. Bh1 Nc6 20. Bxg7 Kxg7 21. Qc3+ Kh6 22. Nf6 Re7 23. Bf3 Bd7 24. g4 g5 25. Be2 Qh8 26. Rf3 1-0

[Event "26th Abu Dhabi Master 2019"]
[Site "Abu Dhabi"]
[Date "2019.08.02"]
[Round "1.28"]
[White "Alinasab, Mobina"]
[Black "Yakubboev, Nodirbek"]
[Result "0-1"]
[ECO "B90"]
[WhiteElo "2280"]
[BlackElo "2575"]
[Annotator "ChessBase"]
[PlyCount "94"]
[EventDate "2019.08.02"]
[EventType "swiss"]
[EventCountry "UAE"]
[SourceTitle "playchess.com"]
[Source "ChessBase"]
[SourceQuality "1"]
[TimeControl "5400+30"]

1. e4 c5 2. Nf3 d6 3. d4 Nf6 4. Nc3 cxd4 5. Nxd4 a6 6. h3 e6 7. g4 Nfd7 8. g5 b5 9. a3 Bb7 10. Be3 Be7 11. h4 Nc6 12. Nxc6 Bxc6 13. Qd4 O-O 14. O-O-O Nc5 15. f3 Rb8 16. h5 a5 17. g6 fxg6 18. hxg6 hxg6 19. b4 axb4 20. axb4 Rxf3 21. Rh3 Bf6 22. Qxc5 dxc5 23. Rxd8+ Rxd8 24. Rxf3 Bxc3 25. Bh3 Re8 26. Bxc5 Bf6 27. Bf1 Ra8 28. Bd3 g5 29. Kd2 Be5 30. Rf1 Bf4+ 31. Be3 e5 32. Rg1 Kf7 33. Ke2 Kf6 34. Bb6 Rh8 35. Rg2 Bd7 36. c4 bxc4 37. Bxc4 g4 38. Bc5 g3 39. Kf3 Rh4 40. Ra2 Bg4+ 41. Kg2 Rh2+ 42. Kg1 Kg5 43. Ra6 Bd2 44. Ra3 Kf4 45. Bd5 Bf3 46. Kf1 Rh1+ 47. Bg1 Bxb4 0-1

[Event "26th Abu Dhabi Master 2019"]
[Site "Abu Dhabi"]
[Date "2019.08.02"]
[Round "1.29"]
[White "Aleksandrov, Aleksej"]
[Black "Ajay Krishna, S."]
[Result "1-0"]
[ECO "A58"]
[WhiteElo "2571"]
[BlackElo "2280"]
[Annotator "ChessBase"]
[PlyCount "109"]
[EventDate "2019.08.02"]
[EventType "swiss"]
[EventCountry "UAE"]
[SourceTitle "playchess.com"]
[Source "ChessBase"]
[SourceQuality "1"]
[TimeControl "5400+30"]

1. d4 Nf6 2. c4 c5 3. d5 b5 4. cxb5 a6 5. bxa6 e6 6. Nc3 exd5 7. Nxd5 Nxa6 8. Bg5 Be7 9. Nxe7 Qxe7 10. Nf3 O-O 11. e3 h6 12. Bh4 d5 13. Be2 Bf5 14. O-O Rfd8 15. Rc1 g5 16. Bg3 Ne4 17. Nd2 c4 18. Nxe4 Bxe4 19. Qd4 Nc5 20. Rfd1 Nd3 21. Bxd3 Bxd3 22. a3 Ra6 23. h4 Re6 24. hxg5 Re4 25. Qc3 hxg5 26. a4 f6 27. a5 Rg4 28. Qe1 Re4 29. Qc3 Rg4 30. Rxd3 cxd3 31. Qxd3 Kg7 32. a6 Rd7 33. Bb8 Rb4 34. a7 Rxa7 35. Bxa7 Qxa7 36. Qxd5 Rxb2 37. Qd8 Rb7 38. Rc8 Qa1+ 39. Kh2 Qe5+ 40. g3 Kg6 41. Qd3+ Kg7 42. Qd8 Kg6 43. Qg8+ Rg7 44. Qc4 Qf5 45. Kg2 Qe5 46. Rc5 Qe7 47. Qc2+ Kh6 48. Rc8 Rh7 49. Kg1 Qd7 50. Rg8 Qf7 51. Qc8 Rg7 52. Rh8+ Kg6 53. Qh3 Qc4 54. Rh6+ Kf7 55. Qd7+ 1-0

[Event "26th Abu Dhabi Master 2019"]
[Site "Abu Dhabi"]
[Date "2019.08.02"]
[Round "1.30"]
[White "Salih, Akar Ali Salih"]
[Black "Yuffa, Daniil"]
[Result "0-1"]
[ECO "B14"]
[WhiteElo "2261"]
[BlackElo "2582"]
[Annotator "ChessBase"]
[PlyCount "108"]
[EventDate "2019.08.02"]
[EventType "swiss"]
[EventCountry "UAE"]
[SourceTitle "playchess.com"]
[Source "ChessBase"]
[SourceQuality "1"]
[TimeControl "5400+30"]

1. e4 c6 2. d4 d5 3. exd5 cxd5 4. c4 Nf6 5. Nc3 g6 6. cxd5 Nxd5 7. Qb3 Nb6 8. Bb5+ Bd7 9. Nf3 Bg7 10. Bxd7+ Qxd7 11. O-O Nc6 12. Be3 O-O 13. Rfd1 Na5 14. Qb4 Nac4 15. Bg5 Rfe8 16. b3 Qd6 17. Qxd6 Nxd6 18. a4 a6 19. a5 Rac8 20. Rac1 Nd7 21. Nd5 f6 22. Rxc8 Nxc8 23. Rc1 Kf7 24. Bd2 Rd8 25. Rc7 Nf8 26. Ne3 Nd6 27. Bb4 Rd7 28. Bxd6 exd6 29. Rc2 Ne6 30. Nd5 f5 31. Rc4 Bf6 32. Nb6 Re7 33. d5 Nc5 34. b4 Ne4 35. Nc8 Re8 36. Rc7+ Kg8 37. h4 h6 38. Nb6 Bc3 39. Rxb7 Bxb4 40. h5 Bc5 41. hxg6 Bxf2+ 42. Kh2 f4 43. Nd7 Bg3+ 44. Kg1 Bf2+ 45. Kh2 Bg3+ 46. Kg1 h5 47. Nd2 Rc8 48. Nb3 Rc2 49. Rb4 Rb2 50. Kf1 Nd2+ 51. Nxd2 Rxb4 52. Ne4 Kg7 53. Nxd6 Rb1+ 54. Ke2 f3+ 0-1

[Event "26th Abu Dhabi Master 2019"]
[Site "Abu Dhabi"]
[Date "2019.08.02"]
[Round "1.31"]
[White "Paichadze, Luka"]
[Black "Aaryan Varshney"]
[Result "1/2-1/2"]
[ECO "B53"]
[WhiteElo "2567"]
[BlackElo "2284"]
[Annotator "ChessBase"]
[PlyCount "77"]
[EventDate "2019.08.02"]
[EventType "swiss"]
[EventCountry "UAE"]
[SourceTitle "playchess.com"]
[Source "ChessBase"]
[SourceQuality "1"]
[TimeControl "5400+30"]

1. e4 c5 2. Nf3 d6 3. d4 cxd4 4. Qxd4 Nc6 5. Bb5 Bd7 6. Bxc6 Bxc6 7. Nc3 Nf6 8. Bg5 e6 9. Bxf6 Qxf6 10. Qe3 Qd8 11. O-O-O Be7 12. h4 O-O 13. g4 Qc7 14. Nd4 a6 15. g5 b5 16. h5 b4 17. Nce2 Bd7 18. f4 Rac8 19. e5 dxe5 20. fxe5 Bb5 21. Ng1 Bc4 22. Kb1 Bd5 23. Rh2 a5 24. Nge2 a4 25. g6 h6 26. Nf4 Bg5 27. Nxd5 Bxe3 28. Nxc7 Rxc7 29. gxf7+ Rcxf7 30. Nxe6 Rf1 31. Rh1 Rxh1 32. Rxh1 Rf5 33. Nd8 Rxe5 34. Nc6 Rb5 35. Rh4 Rg5 36. Rh1 Rb5 37. Rh4 Rg5 38. Rh1 Rb5 39. Rh4 1/2-1/2

[Event "26th Abu Dhabi Master 2019"]
[Site "Abu Dhabi"]
[Date "2019.08.02"]
[Round "1.32"]
[White "Nitish Belurkar"]
[Black "Praggnanandhaa R"]
[Result "1/2-1/2"]
[ECO "B40"]
[WhiteElo "2302"]
[BlackElo "2540"]
[Annotator "ChessBase"]
[PlyCount "52"]
[EventDate "2019.08.02"]
[EventType "swiss"]
[EventCountry "UAE"]
[SourceTitle "playchess.com"]
[Source "ChessBase"]
[SourceQuality "1"]
[TimeControl "5400+30"]

1. e4 c5 2. Nf3 e6 3. c3 Nf6 4. e5 Nd5 5. d4 cxd4 6. cxd4 d6 7. a3 Bd7 8. Bd3 Bc6 9. O-O Nd7 10. b4 a6 11. Nbd2 Nf4 12. Be4 d5 13. Bb1 Bb5 14. Re1 Nd3 15. Re3 Nxc1 16. Qxc1 a5 17. bxa5 Rxa5 18. Rc3 Nb6 19. Bd3 Bc6 20. Rb1 Nd7 21. a4 Rxa4 22. Bb5 Ra7 23. Bxc6 bxc6 24. Rxc6 Ba3 25. Qc2 O-O 26. h3 h6 1/2-1/2

[Event "26th Abu Dhabi Master 2019"]
[Site "Abu Dhabi"]
[Date "2019.08.02"]
[Round "1.33"]
[White "Santos Ruiz, Miguel"]
[Black "Siva Mahadevan"]
[Result "1-0"]
[ECO "A48"]
[WhiteElo "2567"]
[BlackElo "2270"]
[Annotator "ChessBase"]
[PlyCount "79"]
[EventDate "2019.08.02"]
[EventType "swiss"]
[EventCountry "UAE"]
[SourceTitle "playchess.com"]
[Source "ChessBase"]
[SourceQuality "1"]
[TimeControl "5400+30"]

1. d4 Nf6 2. Nf3 g6 3. c4 Bg7 4. e3 O-O 5. Be2 d6 6. Nc3 Nbd7 7. O-O e5 8. Qc2 Re8 9. h3 e4 10. Nd2 Qe7 11. b4 c6 12. Bb2 Nf8 13. d5 h5 14. dxc6 bxc6 15. Nb3 d5 16. cxd5 cxd5 17. Nb5 Ne6 18. a3 Bd7 19. Rfc1 h4 20. Qd1 Reb8 21. Qf1 a6 22. N5d4 a5 23. Nxe6 Qxe6 24. b5 a4 25. Nc5 Qd6 26. Nxd7 Nxd7 27. Rc6 Qe7 28. Bxg7 Kxg7 29. Qd1 Qe5 30. Rac1 Nb6 31. Qd2 Nc4 32. Qb4 Nb6 33. Qc5 Qb2 34. Rc2 Qb1+ 35. Kh2 Nc4 36. Qd4+ Kh6 37. Qxd5 Qxc2 38. Qxf7 Rg8 39. Qf4+ Kh7 40. Qxh4+ 1-0

[Event "26th Abu Dhabi Master 2019"]
[Site "Abu Dhabi"]
[Date "2019.08.02"]
[Round "1.34"]
[White "Priyanka Nutakki"]
[Black "Istratescu, Andrei"]
[Result "0-1"]
[ECO "A22"]
[WhiteElo "2293"]
[BlackElo "2555"]
[Annotator "ChessBase"]
[PlyCount "82"]
[EventDate "2019.08.02"]
[EventType "swiss"]
[EventCountry "UAE"]
[SourceTitle "playchess.com"]
[Source "ChessBase"]
[SourceQuality "1"]
[TimeControl "5400+30"]

1. c4 e5 2. Nc3 Nf6 3. Nf3 d6 4. g3 c6 5. d3 Nbd7 6. Bg2 g6 7. O-O Bg7 8. Rb1 a5 9. a3 O-O 10. b4 axb4 11. axb4 d5 12. cxd5 cxd5 13. d4 e4 14. Ne5 Nb6 15. f3 Bf5 16. g4 exf3 17. gxf5 fxg2 18. Kxg2 Nfd7 19. Nf3 Qf6 20. Qd3 Rfc8 21. Bg5 Qxf5 22. Qxf5 gxf5 23. Rb3 Rc4 24. e3 Bf8 25. b5 Rb4 26. Rfb1 Rxb3 27. Rxb3 f6 28. Bf4 Kf7 29. Nh4 Ke6 30. Rb2 Nc4 31. Rc2 Rc8 32. Nd1 Ndb6 33. Rf2 Ra8 34. Nb2 Ra3 35. Kg1 Rb3 36. Nxc4 dxc4 37. Rc2 c3 38. Kf1 Nd5 39. Ng2 Rxb5 40. Ke2 Rb2 41. Kd1 b5 0-1

[Event "26th Abu Dhabi Master 2019"]
[Site "Abu Dhabi"]
[Date "2019.08.02"]
[Round "1.35"]
[White "Shevchenko, Kirill"]
[Black "Wagh Suyog"]
[Result "1-0"]
[ECO "D15"]
[WhiteElo "2536"]
[BlackElo "2242"]
[Annotator "ChessBase"]
[PlyCount "65"]
[EventDate "2019.08.02"]
[EventType "swiss"]
[EventCountry "UAE"]
[SourceTitle "playchess.com"]
[Source "ChessBase"]
[SourceQuality "1"]
[TimeControl "5400+30"]

1. d4 d5 2. c4 c6 3. Nc3 Nf6 4. Nf3 a6 5. g3 g6 6. Bg2 Bg7 7. O-O O-O 8. Ne5 e6 9. Qb3 Nbd7 10. Nxd7 Nxd7 11. Rd1 b5 12. cxd5 cxd5 13. e4 Nb6 14. e5 Bd7 15. h4 Bc6 16. Ne2 a5 17. Bg5 Qd7 18. Qe3 Nc4 19. Qc1 b4 20. Nf4 h6 21. Bf6 Bb5 22. Nd3 Rfc8 23. Qf4 Bf8 24. Nc5 Rxc5 25. dxc5 Nxb2 26. Rd4 Kh7 27. h5 Nd3 28. Qe3 Nxc5 29. hxg6+ fxg6 30. Rh4 Ne4 31. Bxe4 dxe4 32. Bg5 h5 33. Qxe4 1-0

[Event "26th Abu Dhabi Master 2019"]
[Site "Abu Dhabi"]
[Date "2019.08.02"]
[Round "1.36"]
[White "Kushagra Mohan"]
[Black "Aryan Chopra"]
[Result "1/2-1/2"]
[ECO "B90"]
[WhiteElo "2250"]
[BlackElo "2553"]
[Annotator "ChessBase"]
[PlyCount "88"]
[EventDate "2019.08.02"]
[EventType "swiss"]
[EventCountry "UAE"]
[SourceTitle "playchess.com"]
[Source "ChessBase"]
[SourceQuality "1"]
[TimeControl "5400+30"]

1. e4 c5 2. Nf3 d6 3. d4 cxd4 4. Nxd4 Nf6 5. Nc3 a6 6. f3 e5 7. Nb3 Be6 8. Be3 Be7 9. Qd2 O-O 10. O-O-O Nbd7 11. g4 b5 12. g5 Nh5 13. Kb1 Nb6 14. Nd5 Nxd5 15. exd5 Bf5 16. Na5 f6 17. Nc6 Qd7 18. h4 Ng3 19. Rh2 Nxf1 20. Rxf1 fxg5 21. hxg5 Bg6 22. b3 Rae8 23. Rhf2 Bd8 24. Kb2 Rf5 25. Ra1 Qf7 26. a4 b4 27. a5 e4 28. fxe4 Rxf2 29. Qxf2 Qxf2 30. Bxf2 Bxg5 31. Nxb4 Rxe4 32. Ka3 Bd2 33. Nxa6 Bxa5 34. b4 Bd8 35. b5 Rf4 36. b6 Rf3+ 37. c3 Rxc3+ 38. Kb4 Rc2 39. Bd4 Bxb6 40. Bxb6 Be4 41. Nc7 Rb2+ 42. Ka5 Rd2 43. Kb4 Rb2+ 44. Ka5 Rd2 1/2-1/2

[Event "26th Abu Dhabi Master 2019"]
[Site "Abu Dhabi"]
[Date "2019.08.02"]
[Round "1.37"]
[White "Sengupta, Deep"]
[Black "Paramzina, Anastasya"]
[Result "1-0"]
[ECO "B23"]
[WhiteElo "2558"]
[BlackElo "2300"]
[Annotator "ChessBase"]
[PlyCount "59"]
[EventDate "2019.08.02"]
[EventType "swiss"]
[EventCountry "UAE"]
[SourceTitle "playchess.com"]
[Source "ChessBase"]
[SourceQuality "1"]
[TimeControl "5400+30"]

1. e4 c5 2. Nc3 d6 3. Bb5+ Bd7 4. a4 g6 5. f4 Bg7 6. Nf3 Nc6 7. O-O a6 8. Bc4 e6 9. d3 Nf6 10. Kh1 O-O 11. Be3 Ng4 12. Bg1 f5 13. Ng5 Qf6 14. h3 Nh6 15. Qd2 Nf7 16. Nf3 Nd4 17. Nxd4 cxd4 18. Ne2 e5 19. c3 fxe4 20. fxe5 Qxe5 21. Bxd4 Qe7 22. dxe4 Qxe4 23. Ng3 Qh4 24. Rxf7 Rxf7 25. Bxf7+ Kxf7 26. Qf2+ Kg8 27. Bxg7 Bxh3 28. Bf6 Qh6 29. gxh3 Qxh3+ 30. Qh2 1-0

[Event "26th Abu Dhabi Master 2019"]
[Site "Abu Dhabi"]
[Date "2019.08.02"]
[Round "1.38"]
[White "Bartel, Marta"]
[Black "Sanal, Vahap"]
[Result "0-1"]
[ECO "E12"]
[WhiteElo "2260"]
[BlackElo "2520"]
[Annotator "ChessBase"]
[PlyCount "70"]
[EventDate "2019.08.02"]
[EventType "swiss"]
[EventCountry "UAE"]
[SourceTitle "playchess.com"]
[Source "ChessBase"]
[SourceQuality "1"]
[TimeControl "5400+30"]

1. d4 Nf6 2. c4 e6 3. Nf3 b6 4. a3 Bb7 5. Nc3 d5 6. cxd5 Nxd5 7. Qc2 Be7 8. e4 Nxc3 9. bxc3 O-O 10. Bd3 c5 11. O-O Nd7 12. Qe2 Qc7 13. a4 Rfd8 14. Bd2 c4 15. Bc2 a6 16. Rab1 Rab8 17. g3 f6 18. Nh4 Qc6 19. Rbe1 b5 20. axb5 axb5 21. d5 exd5 22. Nf5 Bf8 23. Nd4 Qb6 24. exd5 Ne5 25. f4 Nd3 26. Bxd3 cxd3 27. Qe6+ Qxe6 28. dxe6 Bc5 29. Be3 b4 30. e7 Bxe7 31. cxb4 Bxb4 32. Rd1 Be4 33. Nb3 d2 34. Rxd2 Bxd2 35. Nxd2 Ba8 0-1